Match 43046179
Unlisted

Match 43046179
End
Construct Infanterie Kompanie
Grenadier Squad
MG 42 Machine Gun Team
MG 42 Machine Gun Team
Grenadier Squad
Construct Panzergrenadier Kompanie
Pak 40 Anti-tank Gun Team
251 Medium Carrier
Construct Panzer Kompanie
Grenadier Squad
Selects Breakthrough Battlegroup
Selects 2.5-tonne Cargo Truck
2.5-tonne Cargo Truck
nateums
Turtleboy
DreAm
Bobby
Beard
srubert83
CAD4
P4K|KiLLiN
0
0

Comments sign in to comment!

No comments posted yet!